 Dungeon Crawl Stone Soup version 0.31.0-10-gcf4a605ca0 (webtiles) character file.

Game seed: 13860457305451526246

9336304 Strat the Bringer of Light (level 27, 245/245 HPs)
             Began as a Hill Orc Fighter on Jan 24, 2024.
             Was the Champion of the Shining One.
             Escaped with the Orb
             ... and 10 runes on Jan 25, 2024!
             The game lasted 04:02:22 (76527 turns).

Strat the Bringer of Light (Hill Orc Fighter)      Turns: 76527, Time: 04:02:23

Health: 245/245    AC: 57    Str: 38    XL:     27
Magic:  36/36      EV: 13    Int: 11    God:    the Shining One [******]
Gold:   5835       SH: 15    Dex: 12    Spells: 17/26 levels left

rFire   + . .        b - +9 broad axe (holy)
rCold   + + +        z - +0 kite shield {reflect}
rNeg    + + +        c - +9 gold dragon scales
rPois   +            y - +0 helmet of a Labyrinth {Str+4}
rElec   +            C - +2 cloak {rCorr}
rCorr   +            i - +0 pair of gloves
SInv    .            X - +3 pair of seven-league boots {Rampage+∞}
Will    ++++.        x - amulet of Xom's Recklessness {rElec Will+ Regen+ Int+3} Stlth
                     B - ring of Saot {rElec Will+ AC+4}
HPRegen 1.40/turn    H - ring "Hareurpho" {rPois rC++ AC+4 Str+3}
MPRegen 0.25/turn

%: reflection, rampage+∞
@: glowing, studying 3 skills
A: talons 1, deterioration 1, frail 1, low MP 1, evolution 1
0: Orb of Zot
}: 10/15 runes: decaying, slimy, silver, abyssal, demonic, glowing, magical,
fiery, dark, gossamer
a: Renounce Religion, Divine Shield, Cleansing Flame, Summon Divine Warrior


You escaped.
You worshipped the Shining One.
The Shining One was exalted by your worship.
You visited 17 branches of the dungeon, and saw 60 of its levels.
You visited Pandemonium 1 time, and saw 13 of its levels.
You visited the Abyss 1 time.
You also visited: Trove and Wizlab.

You collected 8753 gold pieces.
You spent 2918 gold pieces at shops.

Inventory:

Hand Weapons
 a - a +9 broad axe of freezing
 b - a +9 broad axe of holy wrath (weapon)
Missiles
 r - 3 throwing nets
 s - 5 silver javelins (quivered)
 A - 8 darts of dispersal
 N - 10 curare-tipped darts
 T - 44 boomerangs
 W - 3 datura-tipped darts
 Y - 13 javelins
Armour
 c - +9 gold dragon scales (worn)
 i - a +0 pair of gloves (worn)
 w - a +2 helmet of see invisible
 y - the +0 helmet of a Labyrinth (worn) {Str+4}
   (You acquired it in Pandemonium)

   Str+4:     It affects your strength (+4).
 z - a +0 kite shield of reflection (worn)
 C - a +2 cloak of preservation (worn)
 X - the +3 pair of seven-league boots (worn) {Rampage+∞}
   (You found it on level 3 of the Lair of Beasts)

   Rampage+∞: When moving toward enemies, its wearer moves as far as possible,
   alerting their target en route.
Jewellery
 m - the ring "Siakum" {*Slow rPois rN+++ Will+ Str+5}
   (You took it off a balrug in Pandemonium)

   [ring of poison resistance]

   Str+5:     It affects your strength (+5).
   rPois:     It protects you from poison rN+++: It renders you almost immune to
   negative energy.
   Will+:     It increases your willpower.
   *Slow:     It may slow you when you take damage.
 t - the ring "Togg" {Fire rPois Str+2 Int-5 Slay+3}
   (You found it on level 4 of the Dungeon)

   [ring of fire]

   Fire:      It enhances your fire magic.
   Str+2:     It affects your strength (+2).
   Int-5:     It affects your intelligence (-5).
   Slay+3:    It affects your accuracy & damage with ranged weapons and melee
   (+3).
   rF+:       It protects you from fire.
   rC-:       It makes you vulnerable to cold.
   rPois:     It protects you from poison
 x - the amulet of Xom's Recklessness (around neck) {rElec Will+ Regen+ Int+3}
   (You took it off an orc wizard on level 6 of the Dungeon)

   [amulet of regeneration]

   Int+3:     It affects your intelligence (+3).
   rElec:     It insulates you from electricity.
   Will+:     It increases your willpower.
   Regen+:    It increases your rate of health regeneration.
 B - the ring of Saot (left hand) {rElec Will+ AC+4}
   (You found it on level 9 of the Dungeon)

   [ring of protection]

   AC+4:      It affects your AC (+4).
   rElec:     It insulates you from electricity.
   Will+:     It increases your willpower.
 D - the ring of Morality {Wiz rF+ Will++}
   (You took it off a balrug in Pandemonium)

   [ring of wizardry]

   Wiz:       It improves your spell success rate.
   rF+:       It protects you from fire.
   Will++:    It greatly increases your willpower.
 H - the ring "Hareurpho" (right hand) {rPois rC++ AC+4 Str+3}
   (You took it off an ironbound convoker on level 5 of the Vaults)

   [ring of protection]

   AC+4:      It affects your AC (+4).
   Str+3:     It affects your strength (+3).
   rC++:      It greatly protects you from cold.
   rPois:     It protects you from poison
 Q - the ring "Inwynk" {Fly rPois rF+ AC+4}
   (You found it in a treasure trove)

   [ring of protection]

   AC+4:      It affects your AC (+4).
   rF+:       It protects you from fire.
   rPois:     It protects you from poison Fly: It grants you flight.
 R - an amulet of faith
Wands
 d - a wand of paralysis (84)
 g - a wand of light (57)
 o - a wand of polymorph (61)
 q - a wand of flame (69)
 O - a wand of digging (12)
 P - a wand of roots (72)
 S - a wand of mindburst (5)
Scrolls
 l - 4 scrolls of fear
 n - 4 scrolls of revelation
 p - 5 scrolls of fog
 u - 9 scrolls of immolation
 v - 3 scrolls of noise
 E - 17 scrolls of teleportation
 F - 2 scrolls of poison
 G - a scroll of vulnerability
 M - a scroll of silence
 V - 2 scrolls of enchant weapon
Potions
 e - 5 potions of mutation
 f - 7 potions of enlightenment
 h - a potion of haste
 j - 19 potions of curing
 k - 6 potions of resistance
 I - a potion of magic
 J - 14 potions of ambrosia
Miscellaneous
 K - a box of beasts
 L - a phial of floods
 U - a phantom mirror


   Skills:
 O Level 27 Fighting
 - Level 18.0 Axes
 - Level 16.0 Throwing
 O Level 27 Armour
 - Level 13.0 Dodging
 + Level 21.3 Shields
 + Level 9.4 Translocations
 O Level 27 Invocations
 - Level 20.6 Evocations


You had 17 spell levels left.
You knew the following spells:

 Your Spells              Type           Power      Damage    Failure   Level
a - Blink                 Tloc           40%        N/A       4%          2
b - Apportation           Tloc           40%        N/A       3%          1
c - Lesser Beckoning      Tloc           40%        N/A       4%          2
d - Passage of Golubria   Tloc           20%        N/A       30%         4

Your spell library contained the following spells:

 Spells                   Type           Power      Damage    Failure   Level
 Gell's Gravitas          Tloc           20%        N/A       10%         3
 Teleport Other           Tloc           20%        N/A       10%         3
 Volatile Blastmotes      Fire/Tloc      20%        2d11      54%         3
 Foxfire                  Conj/Fire      0%         2x1d4     83%         1
 Freeze                   Ice            0%         1d3       83%         1
 Kiss of Death            Conj/Necr      0%         2d5       83%         1
 Magic Dart               Conj           0%         1d3       83%         1
 Shock                    Conj/Air       0%         1d3       83%         1
 Slow                     Hex            0%         N/A       83%         1
 Sting                    Conj/Alch      0%         1d3       83%         1
 Summon Small Mammal      Summ           0%         N/A       83%         1
 Dimensional Bullseye     Hex/Tloc       5%         N/A       91%         4
 Iskenderun's Mystic Bla  Conj/Tloc      10%        2d4       91%         4
 Vhi's Electric Charge    Tloc/Air       20%        N/A       91%         4
 Call Imp                 Summ           0%         N/A       92%         2
 Cigotuvi's Dreadful Rot  Necr/Alch/Air  0%         N/A       92%         2
 Ensorcelled Hibernation  Hex/Ice        0%         N/A       92%         2
 Jinxbite                 Hex            0%         N/A       92%         2
 Mercury Vapours          Alch/Air       0%         N/A       92%         2
 Scorch                   Fire           0%         2d5       92%         2
 Searing Ray              Conj           0%         2d4       92%         2
 Static Discharge         Conj/Air       0%         3-3/arc   92%         2
 Call Canine Familiar     Summ           0%         N/A       99%         3
 Confusing Touch          Hex            0%         N/A       99%         3
 Dazzling Flash           Conj/Hex       0%         N/A       99%         3
 Fugue of the Fallen      Necr           0%         N/A       99%         3
 Hailstorm                Conj/Ice       0%         3d5       99%         3
 Mephitic Cloud           Conj/Alch/Air  0%         N/A       99%         3
 Ozocubu's Armour         Ice            0%         N/A       99%         3
 Passwall                 Erth           0%         N/A       99%         3
 Sigil of Binding         Hex            0%         N/A       99%         3
 Stone Arrow              Conj/Erth      0%         3d7       99%         3
 Summon Ice Beast         Ice/Summ       0%         N/A       99%         3
 Swiftness                Air            0%         N/A       99%         3
 Tukima's Dance           Hex            0%         N/A       99%         3
 Dispersal                Tloc           10%        N/A       99%         6
 Airstrike                Air            0%         2d(0-16)  100%        4
 Anguish                  Hex/Necr       0%         N/A       100%        4
 Animate Armour           Summ/Erth      0%         N/A       100%        4
 Brom's Barrelling Bould  Conj/Erth      0%         2d3       100%        4
 Cause Fear               Hex            0%         N/A       100%        4
 Dispel Undead            Necr           0%         3d6       100%        4
 Flame Wave               Conj/Fire      0%         2d4       100%        4
 Fulminant Prism          Conj/Alch      0%         3d5       100%        4
 Ignite Poison            Fire/Alch      0%         N/A       100%        4
 Martyr's Knell           Necr/Summ      0%         N/A       100%        4
 Olgreb's Toxic Radiance  Alch           0%         N/A       100%        4
 Petrify                  Alch/Erth      0%         N/A       100%        4
 Summon Blazeheart Golem  Fire/Summ      0%         N/A       100%        4
 Summon Lightning Spire   Summ/Air       0%         N/A       100%        4
 Alistair's Intoxication  Alch           0%         N/A       100%        5
 Arcjolt                  Conj/Air       0%         1d10      100%        5
 Borgnjor's Vile Clutch   Necr/Erth      0%         N/A       100%        5
 Curse of Agony           Necr           0%         N/A       100%        5
 Fireball                 Conj/Fire      0%         3d3       100%        5
 Freezing Cloud           Conj/Ice/Air   0%         6-21      100%        5
 Iskenderun's Battlesphe  Conj           0%         2d6       100%        5
 Lee's Rapid Deconstruct  Erth           0%         3d4*      100%        5
 Silence                  Hex/Air        0%         N/A       100%        5
 Summon Mana Viper        Hex/Summ       0%         N/A       100%        5
 Yara's Violent Unravell  Hex/Alch       0%         3d3       100%        5
 Conjure Ball Lightning   Conj/Air       0%         3x3d6     100%        6
 Death Channel            Necr           0%         N/A       100%        6
 Eringya's Noxious Bog    Alch           0%         4d6       100%        6
 Plasma Beam              Fire/Air       0%         2x1d10    100%        6
 Sculpt Simulacrum        Ice/Alch       0%         N/A       100%        6
 Starburst                Conj/Fire      0%         6d3       100%        6
 Summon Cactus Giant      Summ           0%         N/A       100%        6
 Enfeeble                 Hex            0%         N/A       100%        7
 Monstrous Menagerie      Summ           0%         N/A       100%        7
 Orb of Destruction       Conj           0%         9d5       100%        7
 Ozocubu's Refrigeration  Ice            0%         4d7       100%        7
 Discord                  Hex            0%         N/A       100%        8
 Maxwell's Capacitive Co  Air            0%         ∞         100%        8
 Summon Horrible Things   Summ           0%         N/A       100%        8
 Dragon's Call            Summ           0%         N/A       100%        9
 Polar Vortex             Ice            0%         N/A       100%        9


Dungeon Overview and Level Annotations

Branches:
Dungeon (15/15)            Temple (1/1) D:7            Lair (5/5) D:11
  Swamp (4/4) Lair:2       Spider (4/4) Lair:3        Slime (5/5) Lair:4
    Orc (2/2) D:9             Elf (3/3) Orc:2        Vaults (5/5) D:13
  Crypt (2/3) Vaults:3     Depths (4/4) D:15           Hell (visited)
    Dis (1/7) Hell            Geh (1/7) Hell            Coc (1/7) Hell
    Tar (1/7) Hell            Zot (5/5) Depths:4     WizLab (visited)

Altars:
Ashenzari
Cheibriados
Dithmenos
Elyvilon
Fedhas
Gozag
Hepliaklqana
Kikubaaqudgha
Makhleb
Nemelex Xobeh
Okawaru
Qazlal
Ru
Sif Muna
Trog
Uskayaw
Vehumet
Wu Jian
Xom
Yredelemnul
Zin
The Shining One
Beogh
Jiyva

Shops:
D:4 ?   D:6 (   D:8 (((   D:13 ?   Orc:1 (:   Orc:2 (=(!   Elf:3 *   Vaults:1 *
Vaults:3 (   Vaults:5 =!!!   Depths:1 [=   Depths:3 (

Portals:
Hell: Depths:1 Depths:2 Depths:3 Depths:4
Abyss: Depths:2 Depths:3* Depths:4
Pandemonium: Depths:2
Ziggurat: Depths:1

Annotations:
D:8 2 transporters
D:14 1 runed translucent door, Opnastoc's ghost, journeyman MiBe
D:15 1 runed translucent door, Esekla's ghost, journeyman DECA
Lair:2 exclusion: orange crystal statue
Swamp:3 2 transporters, GloriousHammer's ghost, adept FoCA
Swamp:4 2 transporters, Nomoy's ghost, adept NaFi
Elf:2 3 runed translucent doors
Vaults:2 2 transporters, Dazliare's ghost, adept FoAl; Synox's ghost, legendary FoFi
Depths:4 4 transporters
Zot:5 36 runed translucent doors


Innate Abilities, Weirdness & Mutations

You have sharp toenails.
Your body sometimes deteriorates upon taking damage.
You are frail. (-10% HP)
Your magical capacity is low. (-10% MP)
You have hidden genetic potential.


Message History

Wemn is lightly wounded.
Wemn barely misses you.
You hit Wemn but do no damage.
Wemn is lightly wounded.
Wemn gestures at you.
The bolt of cold hits you but does no damage.
You slash Wemn!
Wemn convulses!
Wemn is moderately wounded.
Wemn hits you but does no damage.
You slice Wemn!!
Wemn convulses!!
Wemn is heavily wounded.
You slice the sun demon!!
The sun demon convulses!
The sun demon hits you.
You are engulfed in flames!
You resist.
You slice the sun demon!!
You kill the sun demon!
The Shining One accepts your kill.
You feel better.
You hit Wemn but do no damage. Wemn gestures at you. The bolt of cold hits you!
You resist.
You slash Wemn!
Wemn convulses.
Wemn is severely wounded.
You slash the rust devil!
The rust devil convulses.
Wemn hits you but does no damage. You block the rust devil's attack.
You hit Wemn but do no damage.
Wemn is severely wounded.
You hit the rust devil.
The rust devil convulses.
Wemn hits you but does no damage. The rust devil hits you.
Unknown command.
You slice Wemn like a ripe choko!!!
Wemn convulses!!
You kill Wemn!
The Shining One accepts your kill.
You feel better.
You slice the rust devil!!
You kill the rust devil!
The Shining One accepts your kill.
No target in view!
No target in view!
No target in view!
You see here a +0 war axe.
There is a staircase leading out of the dungeon here.
You have escaped!

>......†.........................
...........#.....................
...........#.....................
.....#..####..........###........
.###..................###........
. #......................#+##...
. ##........#..............##...
. #..........#####..########... .
###########@#.#.........+... .
##...#.....##)##...
##.#..#......#.##...
##.#...#......#..#... .#
##......#......##..... .##
##.#.###.#......##...## ...
##....# ######...##...#. ..
##.#..## #....+....#.....
#.##..).#####....#....#.#...


There were no monsters in sight!

Vanquished Creatures
  Cerebov (Pan)
  Dissolution (Slime:2)
  Mnoleg (Pan)
  the Royal Jelly (Slime:5)
  Lom Lobon (Pan)
  Gloorx Vloq (Pan)
  A seraph (Pan)
  Tiamat (Zot:3)
  4 dread liches
  Frederick (Vaults:2)
  4 ancient liches
  3 orbs of fire (Zot:5)
  5 pandemonium lords
  Vv (Zot:1)
  3 Killer Klowns
  Parghit (Zot:1)
  2 curse toes
  14 golden dragons
  2 bone dragons
  Norris (Elf:1)
  A pearl dragon (Pan)
  A Tzitzimitl (Pan)
  5 electric golems
  Jorgrun (Orc:1)
  A hellephant (Pan)
  18 tentacled monstrosities
  2 Ice Fiends
  Rupert (Spider:1)
  2 Brimstone Fiends (Pan)
  Zenata (Crypt:2)
  A Hell Sentinel (Pan)
  Mlioglotl (Spider:1)
  4 liches
  The ghost of Moagi the Champion of Chaos, an adept GnSk of Makhleb (Vaults:3)
  A deep elf blademaster (Elf:3)
  23 Orb Guardians
  4 deep elf master archers
  A searing wretch (Vaults:3)
  4 titans
  A walking divine tome (Depths:2)
  9 quicksilver dragons
  13 acid blobs
  7 sphinxes
  Gastronok (Lair:2)
  2 ancient champions (Crypt:2)
  Frances (Elf:1)
  19 Executioners (Pan)
  14 death cobs
  A thorn hunter (Swamp:1)
  3 tentacled starspawn
  6 tengu reavers
  11 shadow dragons
  4 protean progenitors
  8 azure jellies
  2 nagarajas (Pan)
  14 storm dragons
  Donald (Elf:3)
  12 daevas (Pan)
  10 draconian monks
  7 rockslimes
  4 demonspawn warmongers (Pan)
  8 emperor scorpions
  A quicksilver elemental (Hell)
  18 frost giants
  7 draconian knights
  6 draconian shifters
  4 deep elf sorcerers (Elf:3)
  5 fenstrider witches
  7 fire giants
  2 deep elf elementalists (Elf:3)
  5 iron dragons
  A caustic shrike zombie (Hell)
  17 balrugs
  18 vault wardens
  Louise (Spider:3)
  13 draconian scorchers
  5 spectral caustic shrikes (Depths:3)
  16 angels
  9 ghost moths
  21 stone giants
  12 draconian annihilators
  17 reapers
  13 cacodemons
  38 very ugly things
  6 curse skulls
  4 draconian stormcallers
  An orc warlord (Orc:2)
  2 juggernaut zombies
  9 quicksilver oozes
  4 ghouls (Crypt:2)
  6 formless jellyfish
  18 ironbound preservers
  11 ophanim (Pan)
  5 juggernaut skeletons (Pan)
  2 spriggan defenders
  4 demonspawn blood saints (Pan)
  6 demonspawn corrupters (Pan)
  A broodmother (Spider:4)
  20 apis (Pan)
  A caustic shrike skeleton (Pan)
  10 ironbound thunderhulks
  8 deep elf death magi
  10 dire elephants
  5 demonspawn black suns (Pan)
  An elemental wellspring (Hell)
  8 deep elf demonologists
  The ghost of Mocet the Thaumaturge, a journeyman GnAl of Vehumet (D:12)
  6 eleionomae
  9 bunyips
  11 green draconians
  5 lorocyprocas
  20 black draconians
  5 war gargoyles
  25 yellow draconians
  9 deep elf annihilators
  A wendigo (Hell)
  4 vampire knights
  16 red draconians
  21 white draconians
  14 purple draconians
  11 spark wasps
  3 eidola
  An iron golem (Depths:1)
  Snorg (Orc:1)
  9 blizzard demons
  13 green deaths (Pan)
  11 ettins
  A crystal guardian (Zot:4)
  9 fire dragons
  3 shambling mangroves
  2 merfolk impalers
  6 jiangshi
  6 deep elf high priests
  15 yaktaur captains
  19 hydras
  6 rakshasas
  37 vault guards
  7 entropy weavers
  12 alligators
  15 centaur warriors
  A ghost crab (Swamp:4)
  4 ice dragons
  6 great orbs of eyes
  A caustic shrike simulacrum (Hell)
  A catoblepas (D:13)
  A peacekeeper (Vaults:4)
  A fenstrider witch skeleton (Crypt:2)
  3 ogre magi
  6 spriggan air magi
  3 death knights
  9 ironbound frosthearts
  5 deep troll shamans
  5 two-headed ogres
  13 dancing weapons
  A sphinx zombie (Hell)
  6 radroaches
  8 boulder beetles
  6 death yaks (Lair:5)
  2 satyrs (WizLab)
  8 vampire magi
  7 deep troll earth magi
  2 occultists
  6 tengu warriors
  11 hell hogs
  3 naga sharpshooters (WizLab)
  4 thrashing horrors
  Urug (Orc:1)
  7 demonic crawlers
  10 spriggan berserkers
  3 spectral emperor scorpions (Pan)
  16 hell knights
  6 wretched stars
  Nergalle (D:11)
  2 hellephant skeletons (Pan)
  22 soul eaters
  12 spriggans
  10 deep elf knights
  11 shadow wraiths
  13 sixfirhies
  39 sun demons
  2 skysharks (Elf:1)
  10 iron trolls
  5 skeletal warriors
  A golden dragon zombie (Hell)
  8 goliath frogs
  6 pharaoh ants
  5 spriggan druids
  22 large abominations
  7 orb spiders
  11 cherubim (Pan)
  31 deep trolls
  6 bog bodies
  6 arcanists
  17 deep elf archers
  2 sea snakes (shapeshifter)
  A spriggan simulacrum (Hell)
  13 shadow demons
  18 swamp dragons
  A mana viper (shapeshifter) (Depths:4)
  11 sun moths
  15 phantasmal warriors
  4 steelbarb worms
  8 flayed ghosts
  6 glowing orange brains
  12 lindwurms
  18 deep elf pyromancers
  A wolf spider (shapeshifter) (Vaults:2)
  22 ironbound convokers
  9 necromancers
  2 orc knights (Vaults:4)
  20 deep elf zephyrmancers
  A jorogumo zombie (Crypt:1)
  9 orc sorcerers
  16 wolf spiders
  3 manticores
  2 will-o-the-wisps
  4 shining eyes
  32 ugly things
  6 cyclopes
  7 meliai
  34 moths of wrath
  6 fauns (WizLab)
  A worldbinder (Abyss:3)
  5 black mambas
  4 elephants (Lair:4)
  2 fire giant zombies
  9 rust devils
  2 molten gargoyles
  A centaur zombie (Crypt:2)
  3 kobold blastminers
  19 vault sentinels
  4 gargoyles
  5 eyes of devastation
  An apocalypse crab (Abyss:3)
  2 guardian serpents
  21 smoke demons
  2 water nymphs (shapeshifter)
  A storm dragon simulacrum (Hell)
  A titan simulacrum (Crypt:2)
  6 torpor snails
  A kobold demonologist (D:10)
  23 hellions
  12 cane toads
  8 orange demons
  A steelbarb worm zombie (Crypt:2)
  32 yaktaurs
  2 anaconda simulacra
  6 efreet
  A yaktaur (shapeshifter) (Depths:2)
  4 freezing wraiths
  12 komodo dragons
  An orb spider zombie (Crypt:2)
  3 tengu conjurers
  A silent spectre (Abyss:3)
  4 red devils
  2 rime drakes (Lair:3)
  A komodo dragon (shapeshifter) (Depths:1)
  A catoblepas skeleton (Hell)
  2 ancient zymes (Abyss:3)
  2 queen bees
  6 tyrant leeches
  A wind drake (shapeshifter) (D:14)
  4 trolls
  A troll (shapeshifter) (Elf:1)
  12 hellwings
  10 polar bears (Lair:5)
  17 tarantellas
  A bloated husk (Swamp:4)
  15 blink frogs
  4 raiju
  12 hornets
  A human simulacrum (Vaults:2)
  A hydra skeleton (Hell)
  A stone giant simulacrum (Crypt:2)
  A jumping spider zombie (Crypt:2)
  A glass eye (Slime:2)
  3 dream sheep (Lair:4)
  A dream sheep (shapeshifter) (Vaults:4)
  2 spriggan zombies (Hell)
  53 slime creatures
  An elf zombie (Vaults:2)
  A shadow (D:12)
  5 air elementals
  22 jumping spiders
  A black mamba zombie (Crypt:2)
  4 vampires
  A dire elephant simulacrum (Abyss:3)
  4 wyverns
  8 ynoxinuls
  8 water elementals
  17 culicivoras
  A fire elemental (Elf:3)
  10 wraiths
  51 yaks
  12 fire bats
  A wind drake zombie (Crypt:1)
  2 yaks (shapeshifter)
  12 neqoxecs
  A golden eye (Abyss:3)
  8 basilisks
  8 chaos spawn (Pan)
  A yaktaur simulacrum (Vaults:2)
  12 wargs
  2 steam dragons (D:6)
  40 redbacks
  A human zombie (Hell)
  8 vampire mosquitoes
  Menkaure (D:6)
  2 harpy simulacra (Hell)
  A glowing shapeshifter zombie (Hell)
  11 swamp worms
  A swamp worm (shapeshifter) (Zot:4)
  A naga zombie (Hell)
  An ogre skeleton (Vaults:2)
  4 acid dragons
  13 water moccasins
  14 hell hounds (Lair:5)
  An ice beast (D:7)
  16 orc warriors
  8 swamp drakes
  15 black bears
  A sky beast (shapeshifter) (D:15)
  An ettin simulacrum (Hell)
  28 laughing skulls
  2 sky beasts
  2 tengu (shapeshifter)
  13 ogres
  8 boggarts
  2 small abominations
  32 wolves
  A manticore skeleton (Crypt:1)
  9 starcursed masses
  24 centaurs
  A phantom (D:5)
  5 kobold brigands
  A brain worm (Pan)
  11 bullfrogs
  A bullfrog (shapeshifter) (D:12)
  2 gnoll sergeants
  2 necrophages (Crypt:2)
  A scorpion (D:5)
  3 earth elementals
  2 human skeletons (Vaults:2)
  8 wights (D:8)
  42 killer bees
  4 howler monkeys
  3 electric eels
  A quasit (Abyss:1)
  6 lava snakes (D:12)
  Crazy Yiuf (D:7)
  10 orc priests
  7 jellies
  2 bombardier beetles
  2 hounds (D:4)
  A sleepcap (D:4)
  13 iguanas
  Ijyb (D:3)
  Natasha (D:2)
  30 orc wizards
  9 adders
  11 gnolls
  2 howler monkey skeletons (Crypt:2)
  A shadow imp (D:5)
  3 white imps
  2 ufetubi (Abyss:3)
  An adder skeleton (Crypt:2)
  2 lava snake skeletons (Crypt:2)
  2 dart slugs (D:1)
  3 ribbon worms
  57 orcs
  6 endoplasms
  8 giant cockroaches
  9 hobgoblins
  23 jackals
  19 kobolds
  5 quokkas
  5 ball pythons
  3 bats
  5 frilled lizards
  8 goblins
  A quokka zombie (Crypt:1)
  A rat (D:1)
  3 aspiring fleshes
  A ball lightning (Pan)
  A butterfly (Lair:4)
  3 starspawn tentacles (Abyss:3)
2852 creatures vanquished.

Vanquished Creatures (collateral kills)
  Ignacio (Pan)
  A dread lich (Zot:5)
  Mennas (Vaults:3)
  Geryon (Hell)
  A tentacled monstrosity (Zot:1)
  A deep elf blademaster (Elf:3)
  An acid blob (Slime:5)
  A protean progenitor (Pan)
  A vault warden (Vaults:2)
  A deep elf sorcerer (Elf:3)
  2 demonspawn corrupters (Pan)
  2 deep elf death magi (Elf:3)
  A black draconian (Zot:5)
  A deep elf annihilator (Elf:3)
  A great orb of eyes (Slime:5)
  A vault guard (Vaults:2)
  A satyr (WizLab)
  A hell hog (Hell)
  A naga sharpshooter (WizLab)
  A hellephant skeleton (Pan)
  A sun demon (Hell)
  A shadow wraith (Pan)
  A large abomination (Pan)
  A red devil (Hell)
  A neqoxec (Pan)
27 creatures vanquished.

Vanquished Creatures (others)
  Margery (Vaults:3)
  A fire dragon (Zot:4)
  An alligator (Swamp:3)
  A swamp dragon (Swamp:4)
  A komodo dragon (Lair:3)
  A dire elephant simulacrum (Hell)
  A laughing skull (Crypt:2)
  3 orcs
  5 ball lightnings (Pan)
  6 foxfires
  A lurking horror (Abyss:1)
  2 starspawn tentacles (Abyss:3)
24 creatures vanquished.

Grand Total: 2903 creatures vanquished

Notes
Turn   | Place    | Note
-------+----------+-------------------------------------------
     0 | D:1      | Strat the Hill Orc Fighter began the quest for the Orb.
     0 | D:1      | Reached XP level 1. HP: 19/19 MP: 1/1
    54 | D:1      | Reached XP level 2. HP: 19/27 MP: 2/2
   333 | D:1      | Reached XP level 3. HP: 32/33 MP: 3/3
   442 | D:1      | You fall into a shaft and drop 1 floor!
   628 | D:2      | Noticed Natasha
   634 | D:2      | Killed Natasha
   635 | D:2      | Reached XP level 4. HP: 39/40 MP: 4/4
   768 | D:2      | Found a glowing silver altar of Zin.
  1260 | D:2      | Reached skill level 5 in Axes
  1579 | D:3      | Reached XP level 5. HP: 45/47 MP: 5/5
  1771 | D:3      | Noticed Ijyb
  1782 | D:3      | Killed Ijyb
  2174 | D:3      | Found a roughly hewn altar of Beogh.
  2174 | D:3      | Found the +7 staff of the Meek {protect, meekguard}
  2347 | D:4      | Reached skill level 5 in Fighting
  2347 | D:4      | Reached XP level 6. HP: 56/56 MP: 6/6
  2657 | D:4      | Found Ivedet's Magic Scroll Shop.
  2669 | D:4      | a scorpion changed into a basilisk
  2669 | D:4      | Noticed a basilisk
  2688 | D:4      | Killed a basilisk
  2689 | D:4      | Reached skill level 5 in Armour
  2830 | D:4      | Reached XP level 7. HP: 62/62 MP: 7/7
  2866 | D:4      | Bought a scroll of enchant armour for 97 gold pieces
  3266 | D:4      | Identified the ring "Togg" {Fire rPois Str+2 Int-5 Slay+3}
  3652 | D:5      | Entered Level 5 of the Dungeon
  3880 | D:5      | Reached XP level 8. HP: 69/70 MP: 8/8
  4115 | D:5      | Identified the +4 great sword of Duty {heavy, rCorr Int+6
                  | Stlth-}
  4750 | D:6      | Noticed Menkaure
  4775 | D:6      | Killed Menkaure
  5021 | D:6      | Reached skill level 10 in Axes
  5365 | D:6      | Reached XP level 9. HP: 72/79 MP: 9/9
  5388 | D:6      | Found Xuwaatsi's Antique Weapon Boutique.
  5958 | D:6      | Identified the amulet of Xom's Recklessness {rElec Will+
                  | Regen+ Int+3}
  6216 | D:6      | Found a hazy altar of Hepliaklqana.
  6220 | D:6      | Found a radiant altar of Vehumet.
  6223 | D:6      | Found a blossoming altar of Fedhas.
  6223 | D:6      | Found a sparkling altar of Nemelex Xobeh.
  6233 | D:6      | Found a sacrificial altar of Ru.
  6299 | D:7      | Found an ancient bone altar of Kikubaaqudgha.
  6442 | D:7      | Found a staircase to the Ecumenical Temple.
  6473 | D:7      | Noticed a gargoyle
  6475 | Temple   | Entered the Ecumenical Temple
  6512 | Temple   | Became a worshipper of the Shining One
  6541 | D:7      | Killed a gargoyle
  6586 | D:7      | Identified the +5 ring mail of Tug Lobb {rF++}
  6901 | D:7      | Noticed a cyclops
  6902 | D:7      | Noticed a cyclops
  6908 | D:7      | Killed a cyclops
  6909 | D:7      | Reached XP level 10. HP: 74/91 MP: 10/10
  6909 | D:7      | Noticed a manticore
  6910 | D:7      | Noticed a deep elf pyromancer
  7035 | D:8      | Found a transporter.
  7092 | D:8      | Identified the +6 hand axe "Strat's Curse" {distort, rC+
                  | rCorr Dex-3}
  7364 | D:8      | Found a transporter.
  7501 | D:8      | Reached * piety under the Shining One
  7610 | D:8      | Found Wigeef's Antique Weapon Boutique.
  7611 | D:8      | Found Loyqab's Weapon Emporium.
  7616 | D:8      | Found Eherium's Weapon Emporium.
  7898 | D:9      | Identified the ring of Saot {rElec Will+ AC+4}
  7951 | D:9      | Reached skill level 10 in Fighting
  8064 | D:9      | Found a staircase to the Orcish Mines.
  8156 | D:9      | Reached skill level 15 in Axes
  8292 | D:9      | Reached XP level 11. HP: 99/99 MP: 11/11
  8789 | D:10     | Entered Level 10 of the Dungeon
  8877 | D:10     | Reached skill level 10 in Armour
  9025 | D:10     | Noticed a two-headed ogre
  9035 | D:10     | Killed a two-headed ogre
  9420 | D:11     | Noticed a manticore
  9448 | D:11     | Killed a manticore
  9565 | D:11     | Found a portal to a secret trove of treasure.
  9656 | D:11     | Noticed Nergalle
  9720 | D:11     | Reached ** piety under the Shining One
  9724 | D:11     | Noticed a manticore
  9743 | D:11     | Killed a manticore
  9744 | D:11     | Reached skill level 5 in Invocations
  9753 | D:11     | Killed Nergalle
  9787 | D:11     | Noticed a two-headed ogre
  9793 | D:11     | Found a staircase to the Lair.
  9805 | D:11     | Killed a two-headed ogre
 10033 | D:12     | Noticed a cyclops
 10053 | D:12     | Killed a cyclops
 10424 | D:7      | Reached XP level 12. HP: 112/112 MP: 17/17
 10708 | D:7      | Found a runed translucent door.
 10708 | D:7      | Noticed Crazy Yiuf
 10715 | D:7      | Killed Crazy Yiuf
 10768 | D:7      | Found a white marble altar of Elyvilon.
 10768 | D:7      | Found a bloodstained altar of Trog.
 10769 | D:7      | Found a shimmering blue altar of Sif Muna.
 10773 | D:7      | Found a snail-covered altar of Cheibriados.
 11025 | D:13     | Identified the +0 ring mail of the Depths {Int+5}
 11039 | D:13     | Noticed a centaur warrior
 11049 | D:13     | Killed a centaur warrior
 11136 | D:13     | Noticed a centaur warrior
 11142 | D:13     | Killed a centaur warrior
 11149 | D:13     | Reached skill level 10 in Invocations
 11222 | D:13     | Noticed a catoblepas
 11248 | D:13     | Killed a catoblepas
 11375 | D:13     | Found a gate to the Vaults.
 11525 | D:12     | Noticed a centaur warrior
 11537 | D:12     | Killed a centaur warrior
 11568 | D:12     | Reached *** piety under the Shining One
 11582 | D:12     | Reached skill level 15 in Fighting
 11693 | D:12     | Found an ancient bone altar of Kikubaaqudgha.
 11785 | D:12     | Reached XP level 13. HP: 118/128 MP: 20/20
 11807 | D:12     | Found a runed translucent door.
 11811 | D:12     | Noticed Mocet's ghost (journeyman GnAl)
 12268 | D:13     | Found Zidiod's Magic Scroll Shoppe.
 12276 | D:13     | Bought a scroll of enchant armour for 75 gold pieces
 12276 | D:13     | Bought a scroll of enchant weapon for 75 gold pieces
 12276 | D:13     | Bought a scroll of enchant weapon for 75 gold pieces
 12973 | Lair:1   | Entered Level 1 of the Lair of Beasts
 13919 | Lair:2   | Reached **** piety under the Shining One
 13991 | Lair:2   | Noticed Gastronok
 14119 | Lair:2   | Found a staircase to the Swamp.
 14729 | D:14     | Found a runed translucent door.
 14729 | D:14     | Noticed Opnastoc's ghost (journeyman MiBe)
 15054 | D:14     | Reached XP level 14. HP: 115/146 MP: 21/21
 15227 | D:14     | Reached skill level 5 in Shields
 15337 | D:15     | Entered Level 15 of the Dungeon
 15705 | D:15     | Identified the +0 orcbow "Berujiukh" {elec, Will+ Str+2
                  | Int-4}
 15841 | D:15     | Found a runed translucent door.
 15846 | D:15     | Noticed Esekla's ghost (journeyman DECA)
 15848 | D:15     | Identified the +11 trident of Arbitration {speed, Dex+4}
 16042 | D:15     | Found a staircase to the Depths.
 16773 | Lair:2   | Killed Gastronok
 16792 | Lair:2   | Reached ***** piety under the Shining One
 16958 | Lair:3   | Found a hole to the Spider Nest.
 17377 | Lair:3   | Found the +3 pair of seven-league boots {Rampage+∞}
 17825 | Lair:4   | Found a viscous altar of Jiyva.
 17975 | Lair:4   | Reached XP level 15. HP: 152/152 MP: 25/25
 17999 | Lair:4   | Found a staircase to the Slime Pits.
 18221 | Lair:4   | Reached skill level 15 in Invocations
 18722 | Lair:5   | Entered Level 5 of the Lair of Beasts
 18769 | Lair:5   | Identified the +5 ring mail of Xokhlyfufo {rC+}
 18797 | Lair:5   | Identified the +3 ring mail "Zej Qoqeros" {Regen+ Int-2
                  | SInv Stlth+}
 18908 | Lair:5   | Got the Writings on the Doomed Band
 19155 | Lair:5   | Reached ****** piety under the Shining One
 19504 | Lair:5   | Identified the +6 chain mail of Terror {rElec Regen+}
 19826 | Orc:1    | Entered Level 1 of the Orcish Mines
 19884 | Orc:1    | Found a transporter.
 19945 | Orc:1    | Noticed Urug
 19946 | Orc:1    | Noticed Snorg
 19950 | Orc:1    | Killed Urug
 19959 | Orc:1    | Killed Snorg
 20010 | Orc:1    | Noticed Jorgrun
 20035 | Orc:1    | Killed Jorgrun
 20049 | Orc:1    | Found a transporter.
 20049 | Orc:1    | Found Azoupaol's Antique Weapon Shop.
 20054 | Orc:1    | Found Utynweba's Self-Improvement Boutique.
 20253 | Orc:2    | Entered Level 2 of the Orcish Mines
 20253 | Orc:2    | Found a staircase to the Elven Halls.
 20431 | Orc:2    | Noticed an orc warlord
 20467 | Orc:2    | Killed an orc warlord
 20601 | Orc:2    | Found Meten's Distillery.
 20605 | Orc:2    | Reached XP level 16. HP: 162/162 MP: 28/28
 20616 | Orc:2    | Bought a potion of heal wounds for 75 gold pieces
 20627 | Orc:2    | Found Daops's Antique Weapon Shoppe.
 20725 | Orc:2    | Found an ancient bone altar of Kikubaaqudgha.
 20728 | Orc:2    | Found Catrerello's Jewellery Emporium.
 20740 | Orc:2    | Found a radiant altar of Vehumet.
 20782 | Orc:2    | Found a roughly hewn altar of Beogh.
 20802 | Orc:2    | Found Ycleluellu's Antique Weapon Shoppe.
 21102 | Orc:2    | Bought a scorched battleaxe for 356 gold pieces
 21102 | Orc:2    | Identified the +3 battleaxe of the Puffball {freeze, rPois
                  | Will+ Str+2} (You bought it in a shop on level 2 of the
                  | Orcish Mines)
 21102 | Orc:2    | Bought a faintly glowing broad axe for 279 gold pieces
 21102 | Orc:2    | Identified the +5 broad axe of the Four Planets {drain,
                  | Will+ Dex+3} (You bought it in a shop on level 2 of the
                  | Orcish Mines)
 21163 | Orc:2    | Bought a potion of heal wounds for 75 gold pieces
 21163 | Orc:2    | Bought a potion of heal wounds for 75 gold pieces
 21163 | Orc:2    | Bought a potion of haste for 150 gold pieces
 21163 | Orc:2    | Bought a potion of curing for 45 gold pieces
 21163 | Orc:2    | Bought a potion of berserk rage for 75 gold pieces
 21335 | Swamp:1  | Entered Level 1 of the Swamp
 21336 | Swamp:1  | Noticed a fenstrider witch
 21341 | Swamp:1  | Killed a fenstrider witch
 21498 | Swamp:1  | Noticed a thorn hunter
 21507 | Swamp:1  | Killed a thorn hunter
 22651 | Swamp:2  | Learned a level 2 spell: Blink
 22840 | Swamp:3  | Found a transporter.
 22849 | Swamp:3  | Noticed GloriousHammer's ghost (adept FoCA)
 23192 | Swamp:3  | Found a transporter.
 23243 | Swamp:3  | Reached XP level 17. HP: 146/173 MP: 30/30
 23247 | Swamp:3  | Reached skill level 10 in Shields
 23508 | Swamp:4  | Entered Level 4 of the Swamp
 23633 | Swamp:4  | Reached skill level 1 in Throwing
 23768 | Swamp:4  | Found a transporter.
 23778 | Swamp:4  | Noticed Nomoy's ghost (adept NaFi)
 23929 | Swamp:4  | Got a decaying rune of Zot
 23968 | Swamp:4  | Identified the ring of Boiss {EV+5 Str+4 Stlth+}
 24147 | Swamp:4  | Found a transporter.
 24749 | Spider:1 | Entered Level 1 of the Spider Nest
 25014 | Spider:1 | Noticed Rupert
 25026 | Spider:1 | Killed Rupert
 25512 | Spider:1 | Noticed Mlioglotl
 25519 | Spider:1 | Killed Mlioglotl
 26307 | Spider:3 | Reached XP level 18. HP: 180/184 MP: 31/31
 26529 | Spider:3 | Reached skill level 5 in Throwing
 26560 | Spider:3 | Noticed Louise
 26967 | Spider:3 | Reached skill level 15 in Armour
 27310 | Spider:3 | Killed Louise
 27501 | Spider:4 | Entered Level 4 of the Spider Nest
 28562 | Spider:4 | Got a gossamer rune of Zot
 28964 | Elf:1    | Entered Level 1 of the Elven Halls
 29287 | Elf:1    | Noticed Frances
 29298 | Elf:1    | Killed Frances
 29356 | Elf:1    | Noticed Norris
 29370 | Elf:1    | Killed Norris
 29454 | Elf:1    | Reached XP level 19. HP: 195/195 MP: 33/33
 30381 | Elf:2    | Found a runed translucent gate.
 30382 | Elf:2    | Found a runed translucent gate.
 30382 | Elf:2    | Found a runed translucent gate.
 30786 | Elf:3    | Entered Level 3 of the Elven Halls
 30919 | Elf:3    | Found Vil Qearch's Elven Fire.
 31760 | Elf:3    | Noticed Donald
 31781 | Elf:3    | Killed Donald
 31878 | Elf:3    | Noticed an Ice Fiend
 31984 | Elf:3    | Noticed a Tzitzimitl
 31986 | Elf:3    | Identified the +1 robe of Nemelex Xobeh's Fury {Harm
                  | Regen+}
 32130 | Elf:3    | Noticed an Ice Fiend
 32339 | Elf:3    | Identified the +1 chain mail "Noyluic" {^Drain Str+6}
 32543 | Elf:3    | Reached skill level 10 in Throwing
 32748 | Elf:3    | Got the Parchment of Combined Turbulence
 33073 | Vaults:1 | Entered Level 1 of the Vaults
 33080 | Vaults:1 | Reached XP level 20. HP: 175/206 MP: 35/35
 33199 | Vaults:1 | Found Nemumne's General Store.
 33212 | Vaults:1 | Bought a scroll of enchant armour for 90 gold pieces
 33212 | Vaults:1 | Bought a scroll of fog for 48 gold pieces
 34759 | Depths:1 | Entered Level 1 of the Depths
 35055 | Depths:1 | Found a one-way gateway to a ziggurat.
 35370 | Depths:1 | Reached skill level 1 in Evocations
 35473 | Depths:1 | Found Dev Lobb's Armour Emporium.
 35478 | Depths:1 | Found Ceseowna's Jewellery Shoppe.
 35522 | Depths:1 | Found a gateway to Hell.
 36263 | Depths:2 | Reached XP level 21. HP: 158/220 MP: 37/37
 36402 | Depths:2 | Found a magical portal.
 36436 | WizLab   | Entered Eringya's Formal Garden
 37001 | WizLab   | Paralysed by a hornet for 2 turns
 37012 | WizLab   | Found a blossoming altar of Fedhas.
 37180 | WizLab   | Got Eringya's Directory of Transmogrification
 37542 | Depths:2 | Found a one-way gate leading to the halls of Pandemonium.
 37680 | Depths:2 | Identified the ring of Boett {Int+3 Dex+6}
 37962 | Depths:2 | Noticed a golden dragon
 37963 | Depths:2 | Found a runed translucent door.
 38242 | Depths:3 | Found a one-way gate to the infinite horrors of the Abyss.
 38538 | Depths:3 | Reached skill level 5 in Evocations
 38580 | Depths:3 | Found a shimmering altar of Xom.
 38580 | Depths:3 | Found a shimmering altar of Xom.
 38581 | Depths:3 | Found a shimmering altar of Xom.
 38583 | Depths:3 | Found a shimmering altar of Xom.
 38583 | Depths:3 | Found a shimmering altar of Xom.
 38851 | Depths:3 | Found Kyraunk's Antique Weapon Boutique.
 39466 | Depths:4 | Entered Level 4 of the Depths
 39729 | D:12     | Killed Mocet's ghost
 40019 | Depths:4 | Reached XP level 22. HP: 228/228 MP: 38/38
 40075 | Depths:4 | Found an iron altar of Okawaru.
 40144 | Depths:4 | Found a transporter.
 40144 | Depths:4 | Found a transporter.
 40394 | Depths:4 | Identified the +1 chain mail of Knowledge {rF+ rC+ Will+
                  | Int-5}
 40601 | Depths:4 | Found a gate to the Realm of Zot.
 40703 | Depths:4 | Found a transporter.
 40737 | Depths:4 | Found a transporter.
 41505 | Depths:2 | Killed a golden dragon
 41535 | Depths:2 | Identified the +1 spear of the Extremes {heavy, *Rage rF+
                  | Int+4 Dex+3}
 41878 | Vaults:2 | Identified the orb of Caxta {*channel, Int+3}
 41878 | Vaults:2 | Noticed Frederick
 41897 | Vaults:2 | Killed Frederick
 42937 | Vaults:2 | Noticed Dazliare's ghost (adept FoAl)
 42946 | Vaults:2 | Found a transporter.
 42947 | Vaults:2 | Noticed Synox's ghost (legendary FoFi)
 42950 | Vaults:2 | Found a transporter.
 43243 | Vaults:2 | Identified the +0 robe "Paongu" {rCorr}
 43303 | Vaults:3 | Reached XP level 23. HP: 205/236 MP: 40/40
 43416 | Vaults:3 | Noticed Margery
 43591 | Vaults:3 | Found a staircase to the Crypt.
 43806 | Vaults:3 | Found Cyoddi's Weapon Boutique.
 43994 | Vaults:3 | Noticed Mennas
 43995 | Vaults:3 | Identified the +8 giant spiked club "Kaduore" {freeze, rN+
                  | Int+3}
 44007 | Vaults:3 | Killed Margery
 45122 | Vaults:3 | Reached skill level 10 in Evocations
 45266 | Vaults:3 | Found a transporter.
 45268 | Vaults:3 | Noticed Moagi's ghost (adept GnSk)
 45269 | Vaults:3 | Found a transporter.
 46754 | Vaults:5 | Entered Level 5 of the Vaults
 46967 | Vaults:4 | Reached skill level 27 in Invocations
 47184 | Vaults:5 | Noticed a dread lich
 47217 | Vaults:4 | Killed a dread lich
 47260 | Vaults:5 | Identified the ring of Dishonour {^Contam rElec Int+6
                  | Stlth+}
 47349 | Vaults:4 | Reached XP level 24. HP: 106/245 MP: 40/40
 47975 | Vaults:5 | Found the +5 demon whip "Spellbinder" {antimagic, disrupt,
                  | Will+}
 48001 | Vaults:5 | Identified the +2 flail of Quxohoub {freeze, rElec rF++}
 48297 | Vaults:5 | Identified the ring "Hareurpho" {rPois rC++ AC+4 Str+3}
 48370 | Vaults:5 | Found Muhareh's Jewellery Shop.
 48398 | Vaults:5 | Identified the +3 scale mail of the Unbroken {rElec Dex+5}
 48470 | Vaults:5 | Found Yvaca's Distillery.
 48481 | Vaults:5 | Bought a potion of heal wounds for 70 gold pieces
 48481 | Vaults:5 | Bought a potion of magic for 112 gold pieces
 48481 | Vaults:5 | Bought a potion of curing for 42 gold pieces
 48481 | Vaults:5 | Bought a potion of curing for 42 gold pieces
 48481 | Vaults:5 | Bought a potion of curing for 42 gold pieces
 48481 | Vaults:5 | Bought 2 potions of cancellation for 224 gold pieces
 48635 | Vaults:5 | Found Marumown's Distillery.
 48635 | Vaults:5 | Found Ymoenwed's Distillery.
 48640 | Vaults:5 | Bought a potion of haste for 190 gold pieces
 48640 | Vaults:5 | Bought a potion of heal wounds for 95 gold pieces
 48640 | Vaults:5 | Bought a potion of heal wounds for 95 gold pieces
 48647 | Vaults:5 | Bought a potion of haste for 130 gold pieces
 48647 | Vaults:5 | Bought 2 potions of heal wounds for 130 gold pieces
 48647 | Vaults:5 | Bought a potion of might for 52 gold pieces
 48647 | Vaults:5 | Bought a potion of cancellation for 104 gold pieces
 48815 | Vaults:5 | Got a silver rune of Zot
 49006 | Vaults:5 | Reached skill level 15 in Throwing
 49457 | Zot:1    | Entered Level 1 of the Realm of Zot
 50246 | Zot:1    | Reached skill level 1 in Dodging
 50251 | Zot:1    | Noticed Parghit
 50271 | Zot:1    | Noticed Vv
 50828 | Vaults:3 | Killed Moagi's ghost
 50839 | Vaults:3 | Identified the +10 flail of Courage {drain, Will+ Str+2}
 50898 | Vaults:3 | Killed Mennas
 51478 | Zot:1    | Reached XP level 25. HP: 212/253 MP: 40/40
 52064 | Zot:1    | Killed Vv
 52330 | Zot:1    | Killed Parghit
 52480 | Zot:2    | Noticed a Killer Klown
 52495 | Zot:1    | Killed a Killer Klown
 53000 | Zot:2    | Reached skill level 15 in Shields
 53333 | Zot:2    | Reached skill level 5 in Dodging
 54464 | Zot:3    | Reached skill level 27 in Fighting
 55738 | Zot:3    | Found the +4 dragonskin cloak
 55738 | Zot:3    | Noticed Tiamat
 55838 | Zot:3    | Found the +7 sceptre of Torment {pain, torment}
 55925 | Zot:3    | Reached XP level 26. HP: 227/266 MP: 40/40
 55971 | Zot:3    | Killed Tiamat
 56470 | Zot:4    | Identified the +5 dagger "Vaiteaj" {heavy, rPois rF- Int+7
                  | Dex+4}
 56538 | Zot:4    | Reached skill level 10 in Dodging
 56936 | Zot:4    | Noticed an ancient lich
 56954 | Zot:4    | Killed an ancient lich
 57926 | Zot:4    | Identified the +0 robe of Leapfrog {Fly rPois Slay+3}
 58270 | Zot:5    | Entered Level 5 of the Realm of Zot
 58630 | Zot:5    | Found a huge runed translucent gate.
 58631 | Zot:5    | Found a huge runed translucent gate.
 58631 | Zot:5    | Found a huge runed translucent gate.
 58643 | Zot:5    | Found a huge runed translucent gate.
 58643 | Zot:5    | Found a huge runed translucent gate.
 58644 | Zot:5    | Found a huge runed translucent gate.
 58644 | Zot:5    | Found a huge runed translucent gate.
 58645 | Zot:5    | Found a huge runed translucent gate.
 58646 | Zot:5    | Found a huge runed translucent gate.
 58646 | Zot:5    | Found a huge runed translucent gate.
 58647 | Zot:5    | Found a huge runed translucent gate.
 58647 | Zot:5    | Found a huge runed translucent gate.
 58648 | Zot:5    | Found a huge runed translucent gate.
 58649 | Zot:5    | Found a huge runed translucent gate.
 58650 | Zot:5    | Found a huge runed translucent gate.
 58650 | Zot:5    | Found a huge runed translucent gate.
 58654 | Zot:5    | Found a huge runed translucent gate.
 58655 | Zot:5    | Found a huge runed translucent gate.
 58656 | Zot:5    | Found a huge runed translucent gate.
 58656 | Zot:5    | Found a huge runed translucent gate.
 58657 | Zot:5    | Found a huge runed translucent gate.
 58658 | Zot:5    | Found a huge runed translucent gate.
 58659 | Zot:5    | Found a huge runed translucent gate.
 58660 | Zot:5    | Found a huge runed translucent gate.
 58660 | Zot:5    | Found a huge runed translucent gate.
 58704 | Zot:5    | Found a huge runed translucent gate.
 59183 | Zot:5    | Found a huge runed translucent gate.
 59183 | Zot:5    | Found a huge runed translucent gate.
 59183 | Zot:5    | Found a huge runed translucent gate.
 59185 | Zot:5    | Found a huge runed translucent gate.
 59186 | Zot:5    | Found a huge runed translucent gate.
 59187 | Zot:5    | Found a huge runed translucent gate.
 59188 | Zot:5    | Found a huge runed translucent gate.
 59189 | Zot:5    | Found a huge runed translucent gate.
 59190 | Zot:5    | Found a huge runed translucent gate.
 59191 | Zot:5    | Found a huge runed translucent gate.
 59494 | Zot:5    | Reached XP level 27. HP: 273/273 MP: 4/40
 59698 | Zot:5    | Noticed an ancient lich
 59727 | Zot:5    | Killed an ancient lich
 59766 | Zot:5    | Noticed a dread lich
 59790 | Zot:5    | Killed a dread lich
 59864 | Zot:5    | Noticed an ancient lich
 59877 | Zot:5    | Killed an ancient lich
 59948 | Zot:5    | Noticed an orb of fire
 59986 | Zot:5    | Noticed a dread lich
 59994 | Zot:5    | Killed a dread lich
 59997 | Zot:5    | Killed an orb of fire
 60216 | Zot:5    | Noticed an orb of fire
 60230 | Zot:5    | Gained mutation: You are dopey. (Int -2) [an orb of fire]
 60235 | Zot:5    | Killed an orb of fire
 60383 | Zot:5    | Noticed an ancient lich
 60398 | Zot:5    | Killed an ancient lich
 61145 | Slime:1  | Entered Level 1 of the Pits of Slime
 61178 | Slime:1  | Gained mutation: Your flesh is heat resistant. (rF+) [a
                  | shining eye]
 61179 | Slime:1  | Gained mutation: You occasionally shout uncontrollably at
                  | your foes. [a shining eye]
 61198 | Slime:1  | Gained mutation: You sometimes lose your temper in combat.
                  | [a shining eye]
 61203 | Slime:1  | Lost mutation: You sometimes lose your temper in combat.
                  | [potion of mutation]
 61203 | Slime:1  | Lost mutation: You are dopey. (Int -2) [potion of mutation]
 61203 | Slime:1  | Gained mutation: Your body sometimes deteriorates upon
                  | taking damage. [potion of mutation]
 61203 | Slime:1  | Lost mutation: You occasionally shout uncontrollably at
                  | your foes. [potion of mutation]
 61214 | Slime:2  | Noticed Dissolution
 61223 | Slime:2  | Killed Dissolution
 61371 | Slime:5  | Entered Level 5 of the Pits of Slime
 61427 | Slime:5  | Paralysed by a formless jellyfish for 1 turns
 61549 | Slime:5  | Found a viscous altar of Jiyva.
 61549 | Slime:5  | Noticed the Royal Jelly
 61587 | Slime:5  | Killed the Royal Jelly
 61597 | Slime:5  | Gained mutation: You are dopey. (Int -2) [a shining eye]
 61804 | Slime:5  | Found the +8 demon blade "Leech" {evervamp, Harm ^Drain
                  | rN+}
 61804 | Slime:5  | Found the +8 whip "Snakebite" {venom, curare, rPois}
 61814 | Slime:5  | Got the Precepts of Apparitions and Kindling
 61820 | Slime:5  | Got the Spellbook of the Disturbing Spines
 61856 | Slime:5  | Identified the +1 sling "Spider's Demise" {speed, rElec
                  | rN++ Will- Int+3}
 61959 | Slime:5  | Identified the +0 scale mail of Jiratapn {rC+}
 61978 | Slime:5  | Got a slimy rune of Zot
 62068 | Lair:4   | Lost mutation: Your flesh is heat resistant. (rF+) [potion
                  | of mutation]
 62068 | Lair:4   | Lost mutation: Your body sometimes deteriorates upon taking
                  | damage. [potion of mutation]
 62068 | Lair:4   | Gained mutation: You have a pair of small antennae on your
                  | head. [potion of mutation]
 62068 | Lair:4   | Gained mutation: You occasionally lose the ability to read
                  | scrolls when taking damage. [potion of mutation]
 62068 | Lair:4   | Gained mutation: Your system is resistant to poisons.
                  | (rPois) [potion of mutation]
 62069 | Lair:4   | Lost mutation: You are dopey. (Int -2) [potion of mutation]
 62069 | Lair:4   | Lost mutation: You have a pair of small antennae on your
                  | head. [potion of mutation]
 62069 | Lair:4   | Gained mutation: You have a pair of small antennae on your
                  | head. [potion of mutation]
 62070 | Lair:4   | Lost mutation: Your system is resistant to poisons. (rPois)
                  | [potion of mutation]
 62070 | Lair:4   | Lost mutation: You have a pair of small antennae on your
                  | head. [potion of mutation]
 62070 | Lair:4   | Lost mutation: You occasionally lose the ability to read
                  | scrolls when taking damage. [potion of mutation]
 62070 | Lair:4   | Gained mutation: You possess an exceptional clarity of
                  | mind. [potion of mutation]
 62070 | Lair:4   | Gained mutation: You have sharp toenails. [potion of
                  | mutation]
 62329 | Crypt:1  | Entered Level 1 of the Crypt
 62619 | Crypt:1  | Reached skill level 15 in Evocations
 63115 | Crypt:2  | Identified a +9 broad axe of holy wrath (a +8 heavy broad
                  | axe blessed by the Shining One)
 63115 | Crypt:2  | Received a gift from the Shining One
 63148 | Crypt:2  | Noticed Zenata
 63172 | Crypt:2  | Killed Zenata
 64101 | Crypt:2  | Upgraded the game from 0.31.0-9-g3a7656b989 to
                  | 0.31.0-10-gcf4a605ca0
 64447 | Depths:3 | Voluntarily entered the Abyss.
 64503 | Abyss:1  | Found a corrupted altar of Lugonu.
 64751 | Abyss:3  | Found a corrupted altar of Lugonu.
 65185 | Abyss:3  | Got an abyssal rune of Zot
 65268 | Depths:3 | Escaped the Abyss
 65345 | Pan      | Entered Pandemonium
 66189 | Pan      | Identified the +0 buckler of Pleasant Breezes {Harm Str-3
                  | Dex+6}
 66406 | Pan      | Identified the +2 plate armour "Mequyts" {Dex+2}
 66406 | Pan      | Noticed a seraph
 66463 | Pan      | Killed a seraph
 66630 | Pan      | Identified the +9 halberd of the Shark {freeze, +Blink
                  | rCorr Dex+3 Stlth-}
 66691 | Pan      | Found a glowing golden altar of the Shining One.
 66700 | Pan      | Identified the +7 dagger "Dimputic" {heavy, rF+ Dex+4
                  | Stlth-}
 66707 | Pan      | Got a demonic rune of Zot
 67315 | Pan      | Found a white marble altar of Elyvilon.
 67492 | Pan      | Noticed Dyaf the pandemonium lord
 67556 | Pan      | Killed Dyaf the pandemonium lord
 68104 | Pan      | Noticed Bycuruoc the pandemonium lord
 68104 | Pan      | Gained mutation: You are weak. (Str -2) [a neqoxec]
 68148 | Pan      | Killed Bycuruoc the pandemonium lord
 68566 | Pan      | Noticed Hede Zin the pandemonium lord
 68569 | Pan      | Killed Hede Zin the pandemonium lord
 68888 | Pan      | Entered the realm of Lom Lobon.
 69132 | Pan      | Found an exit through the horrors of the Abyss.
 69649 | Pan      | Noticed Lom Lobon
 69656 | Pan      | Got a magical rune of Zot
 69680 | Pan      | Killed Lom Lobon
 70038 | Pan      | Found an exit through the horrors of the Abyss.
 70242 | Pan      | Gained mutation: Your body sometimes deteriorates upon
                  | taking damage. [a neqoxec]
 70303 | Pan      | Gained mutation: Your magical capacity is low. (-10% MP) [a
                  | neqoxec]
 70436 | Pan      | Noticed Ignacio
 70445 | Pan      | Killed Ignacio
 70611 | Pan      | Entered the realm of Cerebov.
 70646 | Pan      | Reached skill level 27 in Armour
 70928 | Pan      | Identified the ring "Siakum" {*Slow rPois rN+++ Will+
                  | Str+5}
 70990 | Pan      | Identified the +3 long sword of Shrieking Terror {heavy,
                  | rElec rF- Str+6}
 71072 | Pan      | Identified the ring of Morality {Wiz rF+ Will++}
 71104 | Pan      | Found the +6 sword of Cerebov {flame}
 71104 | Pan      | Noticed Cerebov
 71139 | Pan      | Killed Cerebov
 71300 | Pan      | Identified the +2 chain mail "Baetsyas" {rC+}
 71331 | Pan      | Identified the amulet of Hooriyk {Acrobat +Inv rElec rC-
                  | rCorr}
 71362 | Pan      | Got Vusafa's Quarto of the Curse and the Tektite
 71372 | Pan      | Identified the staff of the Undead {rF+ Str+2 Int+2 Fire}
 71482 | Pan      | Got a fiery rune of Zot
 71551 | Pan      | Entered the realm of Gloorx Vloq.
 71616 | Pan      | Identified a scroll of acquirement
 71656 | Pan      | Acquired the +0 helmet of a Labyrinth {Str+4}
 71720 | Pan      | Found an exit through the horrors of the Abyss.
 72369 | Pan      | Reached skill level 1 in Translocations
 72605 | Pan      | Noticed Gloorx Vloq
 72613 | Pan      | Killed Gloorx Vloq
 72752 | Pan      | Got a dark rune of Zot
 72851 | Pan      | Entered the realm of Mnoleg.
 72852 | Pan      | Gained mutation: You are dopey. (Int -2) [a neqoxec]
 72902 | Pan      | Gained mutation: Your body often deteriorates upon taking
                  | damage. [a cacodemon]
 72961 | Pan      | Gained mutation: You do not regenerate when monsters are
                  | visible. [a neqoxec]
 73005 | Pan      | Noticed Mnoleg
 73027 | Pan      | Gained mutation: You are frail. (-10% HP) [a cacodemon]
 73028 | Pan      | Killed Mnoleg
 73029 | Pan      | Reached skill level 5 in Translocations
 73055 | Pan      | Gained mutation: You are very frail. (-20% HP) [a
                  | cacodemon]
 73118 | Pan      | Lost mutation: You are very frail. (-20% HP) [potion of
                  | mutation]
 73118 | Pan      | Lost mutation: You possess an exceptional clarity of mind.
                  | [potion of mutation]
 73118 | Pan      | Lost mutation: You are weak. (Str -2) [potion of mutation]
 73118 | Pan      | Gained mutation: You have hidden genetic potential. [potion
                  | of mutation]
 73118 | Pan      | Lost mutation: You do not regenerate when monsters are
                  | visible. [potion of mutation]
 73119 | Pan      | Lost mutation: Your body often deteriorates upon taking
                  | damage. [potion of mutation]
 73119 | Pan      | Lost mutation: You are dopey. (Int -2) [potion of mutation]
 73219 | Pan      | Got a glowing rune of Zot
 73305 | Depths:2 | Escaped Pandemonium
 73409 | Hell     | Entered the Vestibule of Hell
 73409 | Hell     | Noticed Geryon
 73432 | Hell     | Killed Geryon
 73798 | D:11     | You paid a toll of the horn of Geryon to enter a treasure
                  | trove
 73799 | Trove    | Entered a treasure trove
 73825 | Trove    | Got Sif Muna's Omnibus of Kinetic Energy
 73830 | Trove    | Got Sif Muna's Tractate on Angles and Bedrock
 73833 | Trove    | Learned a level 1 spell: Apportation
 73836 | Trove    | Learned a level 2 spell: Lesser Beckoning
 73841 | Trove    | Learned a level 4 spell: Passage of Golubria
 73846 | Trove    | Identified the ring "Inwynk" {Fly rPois rF+ AC+4}
 73852 | Trove    | Identified the amulet "Inluivio" {Reflect rElec rN+++ Int-2
                  | SH+5}
 74204 | Hell     | Paralysed by a wendigo for 1 turns
 74316 | Hell     | Found a gateway to the freezing wastes of Cocytus.
 74374 | Coc:1    | Entered Level 1 of Cocytus
 74589 | Hell     | Found a gateway to the Iron City of Dis.
 74594 | Dis:1    | Entered Level 1 of the Iron City of Dis
 74760 | Hell     | Found a gateway to the ashen valley of Gehenna.
 74769 | Geh:1    | Entered Level 1 of Gehenna
 74856 | Hell     | Found a gateway to the decaying netherworld of Tartarus.
 74865 | Tar:1    | Entered Level 1 of Tartarus
 75322 | Zot:5    | Noticed a dread lich
 75330 | Zot:5    | Killed a dread lich
 75406 | Zot:5    | Noticed a dread lich
 75574 | Zot:5    | Killed a dread lich
 75718 | Zot:5    | Got the Orb of Zot
 75750 | Zot:5    | Noticed an orb of fire
 75754 | Zot:5    | Killed an orb of fire
 75949 | Depths:4 | Noticed Henwulue the pandemonium lord
 75967 | Depths:4 | Killed Henwulue the pandemonium lord
 76353 | D:9      | Noticed Gunkizamn the pandemonium lord
 76497 | D:1      | Noticed Wemn the pandemonium lord
 76505 | D:1      | Killed Wemn the pandemonium lord
 76527 | D:$      | Escaped with the Orb!

Illustrated notes

Levels and vault maps discovered:
D:1:      lemuel_arrival_tunnels, layout_basic, nicolae_hexahallways
D:2:      layout_loops_corners, basic_altar, minmay_fractal_squares_5,
          uniq_natasha
D:3:      layout_loops_ring, pf_guarded_unrand_meek, uniq_ijyb
D:4:      layout_gridville, serial_shops,
          nicolae_shop_temple_entry_statues_fountains
D:5:      layout_basic, serial_park_tiny_2
D:6:      minmay_octagon_keep, layout_basic,
          nicolae_overflow_hallway_of_the_gods, serial_shops, shop,
          uniq_menkaure
D:7:      minmay_the_grid_triangle_9x9_rhombus_thin
          [minmay_the_grid_triangle_9x9_minimal,
          minmay_the_grid_triangle_9x9_prize_center,
          minmay_the_grid_triangle_9x9_pentomino_pain,
          minmay_the_grid_triangle_9x9_negative_grid], layout_basic, minitemple,
          minmay_temple_entry_stoned_glass, minmay_misc_feat_secret_circle,
          uniq_crazy_yiuf_cottage
D:8:      gammafunk_cloud_chamber, layout_basic, nicolae_wooded_promenade,
          amethyst_killhole, kennysheep_path_1
D:9:      layout_cave_pools, minmay_orc_entry_guard_dogs, chequers_big_river
D:10:     layout_stronghold, blue_anna_alchemist
D:11:     layout_rooms, lair_entry_dummy, enter_trove_6, uniq_nergalle
D:12:     erik_rubicon_a, layout_gridville, ebering_ghost_inner_flame,
          minmay_ruined_shrine
D:13:     layout_cave_pods, david_vaults_4, serial_shops, shop
D:14:     layout_roguey, minmay_misc_feat_doors, gammafunk_ghost_grave,
          grunt_ogre_cave, kennysheep_generic_room_8
D:15:     hangedman_depths_entry_try_elsewhere_first, layout_basic,
          minmay_misc_feat_encased, ebering_ghost_funeral_grove
Temple:   nicolae_temple_hex_pool
Lair:1:   layout_regular_city
Lair:2:   beast_lair_carwin_large_4, layout_misc_corridors,
          minmay_swamp_entry_reptiles, special_room [special_room_bee],
          serial_bayou_pond_e, chequers_serial_rivers_room_b, disabler_island,
          uniq_gastronok
Lair:3:   layout_small_grid, spider_nest_entry_rubble,
          hellmonk_guarded_unrand_seven_league_boots,
          infiniplex_staircase_pool_2
Lair:4:   layout_long_grid, nicolae_slime_entry_field_trip, lemuel_fruit_fields,
          grunt_megastairs_4
Lair:5:   hangedman_lair_caniforms_friends, layout_hall_layers, wormcave,
          grunt_forest_small_clearings, minivault_25, st_stairs_7,
          hangedman_lair_unloving_vines
Swamp:1:  layout_falls_marsh, serial_swamp_ruin, evilmike_swamp_ruin_rubble_1,
          evilmike_swamp_ruin_house_3
Swamp:2:  layout_basic_swamp, hangedman_swamp_ruin_hall
Swamp:3:  layout_falls_marsh, gammafunk_ghost_berserking_beasts,
          nicolae_swamp_treefoil, swamp_pool_5
Swamp:4:  swamp_basic_johnstein, layout_basic_swamp, gammafunk_ghost_mausoleum,
          swamp_pool_1_2, nicolae_swamp_tree_designs, infiniplex_staircase_pool
Spider:1: layout_spider_delve, nicolae_spider_solar_radiation, uniq_rupert,
          uniq_mlioglotl
Spider:2: layout_spider_delve, nicolae_spider_circle_web
Spider:3: layout_spider_delve, uniq_louise
Spider:4: guppyfry_spider_rune
Slime:1:  layout_caves
Slime:2:  layout_caves, dissolution_awaits
Slime:3:  layout_caves
Slime:4:  layout_caves
Slime:5:  slime_pit_nicolae_block_by_block
Orc:1:    layout_caves, serial_shops, nicolae_shop_drivethru,
          nicolae_shop_self_help, uniq_snorg, uniq_jorgrun, uniq_urug
Orc:2:    kennysheep_orc_mage_school, layout_diamond_mine
Elf:1:    nicolae_elf_arrival_aired_out, layout_gridlike,
          nicolae_elf_crossing_hall, grunt_megastairs_3, uniq_norris,
          uniq_frances
Elf:2:    nicolae_elf_blades_crystal_corner, layout_loops_corners, drop_trap
Elf:3:    elf_hall_gauntlet_narrow, layout_geoelf_octagon, guppyfry_elf_lava,
          uniq_donald
Vaults:1: vaults_dpeg_hooks, hangedman_vaults_stitches, v_misc_3,
          hangedman_vaults_slice, ontoclasm_vaults_tryst, hangedman_vaults_maws,
          nicolae_vaults_little_squares_6, ontoclasm_vaults_gallery,
          ontoclasm_vaults_twist, nicolae_vaults_diagonal_hallway_8,
          nicolae_vaults_twisting_passages, nicolae_vaults_closet_pinwheel_3,
          ontoclasm_vaults_gateway, layout_vaults_ring, serial_shops,
          nicolae_shop_tiny_glass
Vaults:2: nzn_ghost_randoct, st_octagons_1, vaults_mumra_minichess, v_misc_1,
          vaults_room_door_ring, nicolae_vaults_yaktaur_gun_rack,
          hangedman_vaults_corner, v_alt_pattern_5,
          nicolae_vaults_network_barrier, vaults_mumra_lcd,
          hangedman_vaults_impose, layout_vaults_omnibox, uniq_frederick
Vaults:3: gammafunk_ghost_smash, minmay_crypt_entry_simple_statues,
          ontoclasm_vaults_ring_square, v_pattern_2, nicolae_vaults_house_2,
          v_misc_23, nicolae_vaults_closet_pinwheel_4,
          nicolae_vaults_stairing_the_circle, nicolae_vaults_closet_pinwheel_2,
          nicolae_vaults_more_shelving_2, nicolae_vaults_lightning_bolt,
          nicolae_vaults_heart-shaped_vault, nicolae_vaults_little_ls,
          nicolae_vaults_specimen_jars, layout_vaults_omnicross, serial_shops,
          shop, uniq_margery, uniq_mennas
Vaults:4: nicolae_vaults_tetromino_L_2, nicolae_vaults_diagonal_hallway_9,
          nicolae_vaults_three_branches, kennysheep_ogre_elephant_herders,
          nicolae_vaults_little_squares_1, nicolae_vaults_network_quinsquares
          [nicolae_vaults_network_quincunx_subvault,
          nicolae_vaults_network_quincunx_subvault,
          nicolae_vaults_network_quincunx_subvault,
          nicolae_vaults_network_quincunx_subvault],
          nicolae_vaults_little_squares_3, nicolae_vaults_wrenched, v_misc_33,
          vaults_dpeg_encased_lava, nicolae_vaults_border_crossing,
          nicolae_vaults_diamond_1, ontoclasm_vaults_misaligned,
          layout_vaults_omnigrid
Vaults:5: serial_shops
Crypt:1:  layout_gridlike
Crypt:2:  layout_misc_corridors, hex_tiny, fountainhead, uniq_zenata
Depths:1: layout_gridlike, enter_ziggurat_a, pf_vacation_house_of_asmodeus,
          nicolae_tricolors, minmay_shoptagon
Depths:2: minmay_gate_of_8, layout_gridville, mu_enter_wizlab_1,
          rand_demon_pan_entry_4, hell_entry, firewood_loft
Depths:3: nzn_winding_woodlands_medium [nzn_winding_woodlands_hourglass,
          nzn_winding_woodlands_5x15_sidewinder,
          nzn_winding_woodlands_5x5_default,
          nzn_winding_woodlands_5x5_perimeter,
          nzn_winding_woodlands_center_diamonds,
          nzn_winding_woodlands_5x5_open_star, nzn_winding_woodlands_5x5_cross,
          nzn_winding_woodlands_5x15_split_checker,
          nzn_winding_woodlands_5x5_checkerboard], layout_cave_pools,
          minmay_misc_feat_cross, abyss_entry, serial_column_ruins,
          column_ruins_portal_squares, column_ruins_open_tiny,
          column_ruins_grid_1, column_ruins_grid_2,
          column_ruins_open_medium_water, pf_hell_entry_tar_river, serial_shops,
          shop, xom_redecorated
Depths:4: evilmike_zot_entry_round, layout_gridlike, lemuel_doored_altar,
          serial_corexii_hall, chequers_hall_statues_corner_a,
          chequers_hall_statues_wall_a, lightli_too_deep, abyss_entry,
          nicolae_diode_quadrants
Hell
Dis:1:    layout_regular_city
Geh:1:    layout_gehenna_pools_basic
Coc:1:    layout_ice_bergs
Tar:1:    layout_grid_maze
Zot:1:    layout_misc_corridors, zot_minivault_1, grunt_megastairs_5, uniq_vv,
          uniq_parghit
Zot:2:    layout_cathedral_of_symmetry
Zot:3:    kennysheep_oblong_rooms, layout_onion_interference,
          regret_index_zotdec_glowing_original, lemuel_lich_library, uniq_tiamat
Zot:4:    hangedman_zot_vaults_quadrants, layout_cathedral_of_symmetry,
          grunt_ministairs_7, hangedman_zot_decor_checkerboard, st_stairs_8,
          regret_index_zotdec_tunneler
Zot:5:    layout_twisted_circle, door_vault

Skill      XL: |  1  2  3  4  5  6  7  8  9 10 11 12 13 14 15 16 17 18 19 20 21 22 23 24 25 26 27 |
---------------+----------------------------------------------------------------------------------+-----
Axes           | 3 4 5 6 7 8 10 12 15 16 17 18 | 18.0
Fighting       | 4 5 6 7 9 10 12 16 19 20 21 22 23 24 25 26 27 | 27.0
Armour         | 4 5 6 8 9 10 12 13 14 15 16 17 18 20 21 27 | 27.0
Invocations    | 7 10 13 16 18 19 21 22 24 25 26 27 | 27.0
Shields        | 4 5 7 9 10 11 14 15 21 | 21.3
Throwing       | 4 7 10 11 12 14 15 16 | 16.0
Evocations     | 2 6 9 10 11 20 | 20.6
Dodging        | 2 9 13 | 13.0
Translocations | 9 |  9.4

Action                     |  1- 3 |  4- 6 |  7- 9 | 10-12 | 13-15 | 16-18 | 19-21 | 22-24 | 25-27 || total
---------------------------+-------+-------+-------+-------+-------+-------+-------+-------+-------++-------
  Melee: War axe           |    59 |   222 |   229 |   450 |   299 |       |       |       |       ||  1259
         Broad axe         |       |       |       |       |   569 |   951 |  1314 |  1404 |  3931 ||  8169
  Throw: Boomerang         |       |       |       |       |       |     8 |       |       |       ||     8
         Javelin           |       |       |       |       |       |       |       |       |     8 ||     8
   Cast: Apportation       |       |       |       |       |       |       |       |       |     2 ||     2
 Invoke: Divine Shield     |       |       |       |     1 |     1 |     3 |     1 |     3 |     6 ||    15
         Summon Divine War |       |       |       |       |       |     1 |     3 |     3 |    12 ||    19
         Cleansing Flame   |       |       |       |       |       |       |     6 |    10 |    82 ||    98
         Brand Weapon With |       |       |       |       |       |       |       |       |     1 ||     1
  Evoke: Wand              |       |     2 |       |     5 |       |     2 |       |     5 |    16 ||    30
         Box of beasts     |       |       |       |       |       |       |     1 |       |       ||     1
    Use: Scroll            |       |     4 |     8 |     8 |    14 |     3 |     5 |    11 |    20 ||    73
         Potion            |       |     1 |     3 |       |       |     4 |     2 |     7 |    49 ||    66
 Armour: Scale mail        |    43 |   154 |     3 |       |       |       |       |       |       ||   200
         Chain mail        |       |       |   129 |       |       |       |   596 |   313 |       ||  1038
         Ring mail         |       |       |    10 |   423 |   607 |   745 |   270 |       |       ||  2055
         Plate armour      |       |       |       |       |       |       |       |   561 |       ||   561
         Gold dragon scale |       |       |       |       |       |       |       |   205 |  3280 ||  3485
  Dodge: Dodged            |    28 |    91 |    84 |   235 |   275 |   410 |   424 |   388 |  1066 ||  3001
  Block: Buckler           |    18 |    59 |    49 |   103 |    14 |       |       |       |       ||   243
         Kite shield       |       |       |       |       |   293 |   470 |   441 |   579 |  1974 ||  3757
         Reflection        |       |       |       |       |       |       |    33 |    32 |    41 ||   106
